 Dungeon Crawl Stone Soup version 0.26-a0-665-gefeb406119 (webtiles) character file.

Game seed: 17644276978804861720

41 somkeydreadnuts the Bolt Thrower (level 3, 0/31 HPs)
             Began as a Minotaur Hunter on Oct 14, 2020.
             Was an Initiate of Ru.
             Slain by a sky beast (5 damage)
             ... on level 3 of the Dungeon.
             The game lasted 00:09:31 (1461 turns).

somkeydreadnuts the Bolt Thrower (Minotaur Hunter)  Turns: 1461, Time: 00:09:32

Health: 0/31       AC:  7    Str: 16    XL:     3   Next: 32%
Magic:  2/2        EV: 11    Int:  8    God:    Ru [......]
Gold:   74         SH:  0    Dex: 11    Spells: 2/2 levels left

rFire    . . .     SeeInvis .   b - +0 short sword
rCold    . . .     Faith    .   (no shield)
rNeg     . . .     Spirit   .   f - +0 ring mail
rPois    .         Reflect  .   o - +1 hat
rElec    .         Harm     .   (no cloak)
rCorr    .         Rampage  .   e - +0 pair of gloves
MR       .....                  (no boots)
Stlth    +.........             (no amulet)
HPRegen  0.10/turn              (no ring)
MPRegen  0.08/turn              (no ring)

@: no status effects
A: retaliatory headbutt, horns 2
a: Renounce Religion


You were on level 3 of the Dungeon.
You worshipped Ru.
Ru was noncommittal.
You visited 1 branch of the dungeon, and saw 3 of its levels.

You collected 74 gold pieces.

Inventory:

Hand Weapons
 a - a +1 hand crossbow
 b - a +0 short sword (weapon)
 p - a cursed -2 short sword
Missiles
 d - 19 bolts
 k - a throwing net (quivered)
 m - 38 arrows
Armour
 c - a +0 leather armour
 e - a +0 pair of gloves (worn)
 f - a +0 ring mail (worn)
 o - a +1 hat (worn)
Jewellery
 h - an uncursed ring of protection from magic {unknown}
Scrolls
 g - 5 scrolls of identify {unknown}
 i - a scroll of teleportation {unknown}
 j - a scroll of noise {unknown}
Potions
 l - a potion of heal wounds {unknown}
 n - a potion of berserk rage {unknown}


   Skills:
 + Level 3.1 Fighting
 + Level 0.3 Short Blades
 + Level 5.3 Crossbows
 + Level 2.2 Dodging
 + Level 0.7 Stealth


You had 2 spell levels left.
You didn't know any spells.
Your spell library was empty.

Dungeon Overview and Level Annotations

Branches:
Dungeon (3/15)

Altars:
Hepliaklqana
Ru
Trog
Yredelemnul
Zin


Innate Abilities, Weirdness & Mutations

You reflexively headbutt those who attack you in melee.
You have a pair of horns on your head.


Message History

Something shocks you.
You miss something. Something hits you but does no damage.
You hit something. Something hits you but does no damage.
You hit something but do no damage. Your headbutt misses something.
Something hits you but does no damage.
You hit something. Something hits you. Something shocks you.
You miss something. Something completely misses you.
Something hits you but does no damage.
You miss something. Something hits you but does no damage.
You hit something. Something hits you but does no damage.
You closely miss something. Your headbutt misses something. Something hits you.
Something shocks you.
* * * LOW HITPOINT WARNING * * *
You miss something. Something hits you but does no damage.
You closely miss something. Something hits you but does no damage.
You closely miss something. Something hits you but does no damage.
You hit something. Something hits you.
* * * LOW HITPOINT WARNING * * *
Something shocks you.
You die...

######....####
............#
#......[...#
#..........#
#...<......#
##..........#
#......((...#
#..†......).####.#...
+......(.....@{...._.
#.............##.....
#...#+#+####..# ..#
#...# #..# . #...#
#..# #...# #..# #...#
#... #...# #....


There were no monsters in sight!

Vanquished Creatures
  An adder (D:2)
  2 leopard geckos
  3 giant cockroaches
  4 goblins
  3 hobgoblins
  2 jackals (D:2)
  6 kobolds
  5 bats
  A frilled lizard (D:1)
  2 rats
29 creatures vanquished.

Notes
Turn   | Place    | Note
-------+----------+-------------------------------------------
     0 | D:1      | somkeydreadnuts the Minotaur Hunter began the quest for the
                  | Orb.
     0 | D:1      | Reached XP level 1. HP: 18/18 MP: 0/0
   224 | D:1      | Reached XP level 2. HP: 25/25 MP: 1/1
   948 | D:2      | Reached skill level 5 in Crossbows
   950 | D:2      | Reached XP level 3. HP: 28/31 MP: 2/2
  1119 | D:2      | Found a glowing silver altar of Zin.
  1119 | D:2      | Found a sacrificial altar of Ru.
  1119 | D:2      | Found a basalt altar of Yredelemnul.
  1119 | D:2      | Found a hazy altar of Hepliaklqana.
  1143 | D:2      | Became a worshipper of Ru the Awakened
  1442 | D:3      | Noticed a sky beast
  1443 | D:3      | Found a bloodstained altar of Trog.
  1461 | D:3      | Slain by a sky beast

Illustrated notes

Levels and vault maps discovered:
D:1:      dpeg_arrival_rooms_a, layout_basic
D:2:      layout_basic, chequers_temple_overflow_statue_of_worship,
          minmay_tetromino_t2
D:3:      minmay_skewed_foursquare, layout_basic, nicolae_overflow_crystal_walls

Skill      XL: |  1  2 |
---------------+-------+-----
Fighting       | 3 |  3.1
Crossbows      | 5 |  5.3
Short Blades   | |  0.3
Dodging        | |  2.2
Stealth        | |  0.7

Action                   || total
-------------------------++-------
Melee: Short sword       ||    54
       Headbutt          ||     5
 Fire: Hand crossbow     ||    23
Throw: Throwing net      ||     1
Armor: Ring mail         ||    39
Dodge: Dodged            ||    33

Table legend: (Time is in decaauts)
 A = Elapsed time spent in this place.
 B = Non-inter-level travel time spent in this place.
 C = Inter-level travel time spent in this place.
 D = Time resting spent in this place.
 E = Time spent auto-exploring this place.
 F = Levels seen in this place.
 G = Mean time per level.
                   A        B        C        D        E       F      G
               +--------+--------+--------+--------+--------+-----+--------+
         Total |   1469 |   1424 |     45 |      0 |    879 |   3 |  489.7 |
       Dungeon |   1469 |   1424 |     45 |      0 |    879 |   3 |  489.7 |
               +--------+--------+--------+--------+--------+-----+--------+

Top non-repeatable levels by time:
     D:1: 770 daAuts
     D:2: 654 daAuts
     D:3: 43 daAuts
